 Dungeon Crawl Stone Soup version 0.29.1-1-gd02db6906a (webtiles) character file.

Game seed: 15110835463932113420

19005 Linkola the Cruncher (level 12, -4/105 HPs)
             Began as a Minotaur Fighter on Sept 25, 2022.
             Was an Elder of Wu Jian.
             Slain by a two-headed ogre
             ... wielding a +0 giant spiked club
              (18 damage)
             ... on level 13 of the Dungeon.
             The game lasted 00:44:12 (12855 turns).

Linkola the Cruncher (Minotaur Fighter)            Turns: 12855, Time: 00:44:14

Health: -4/105     AC: 12    Str: 25    XL:     12   Next: 32%
Magic:  11/11      EV: 10    Int:  5    God:    Wu Jian [****..]
Gold:   1151       SH:  0    Dex: 11    Spells: 11/11 levels left

rFire   . . .      SeeInvis .   p - +5 quarterstaff "Paoqel" {spect, *Rage *Corrode rElec rPois}
rCold   . . .      Faith    .   (shield currently unavailable)
rNeg    . . .      Spirit   .   k - +5 plate armour
rPois   +          Reflect  .   Q - +1 hat
rElec   +          Harm     .   (no cloak)
rCorr   +          Rampage  .   C - +0 pair of gloves
Will    .....      Rage     20% a - +0 pair of boots
Stlth   ..........              (no amulet)
HPRegen 0.27/turn               N - ring of flight
MPRegen 0.12/turn               z - ring of resist corrosion

@: corroded, on berserk cooldown, flying, slowed, very slow
A: horns 2, retaliatory headbutt
a: Renounce Religion, Wall Jump, Serpent's Lash


You were on level 13 of the Dungeon.
You worshipped Wu Jian.
Wu Jian was greatly pleased with you.
You visited 1 branch of the dungeon, and saw 13 of its levels.
You also visited: Sewer.

You collected 1186 gold pieces.
You spent 35 gold pieces at shops.

Inventory:

Hand Weapons
 f - a +2 flail of holy wrath
 o - a +3 vampiric halberd
 p - the +5 quarterstaff "Paoqel" (weapon) {spect, *Rage *Corrode rElec rPois}
   (You found it in a sewer)

   When its wielder attacks, the weapon's spirit leaps out and strikes again.
   The spirit shares a part of any damage it takes with its wielder.
   rElec:     It insulates you from electricity.
   rPois:     It protects you from poison.
   *Rage:     It berserks you when you make melee attacks (+20% chance).
   *Corrode:  It may corrode you when you take damage.
Missiles
 c - 18 boomerangs (quivered)
 s - 2 boomerangs of dispersal
 v - 47 poisoned darts
 A - 64 stones
 G - 2 throwing nets
 J - a curare-tipped dart
Armour
 a - a +0 pair of boots (worn)
 k - a +5 plate armour (worn)
 q - a +0 tower shield
 C - a +0 pair of gloves (worn)
 Q - a +1 hat (worn)
Jewellery
 z - a ring of resist corrosion (right hand)
 N - a ring of flight (left hand)
Wands
 b - a wand of paralysis (9)
 i - a wand of roots (17)
 y - a wand of digging (19)
 I - a wand of flame (12)
Scrolls
 e - 3 scrolls of fear
 h - 11 scrolls of teleportation
 l - 4 scrolls of enchant armour
 r - a scroll of enchant weapon {unknown}
 u - 3 scrolls of blinking
 w - 3 scrolls of amnesia {unknown}
 B - a scroll of torment {unknown}
 D - a scroll of magic mapping {unknown}
 E - 3 scrolls of noise {unknown}
 K - a scroll of silence {unknown}
 L - a scroll of fog {unknown}
 M - 2 scrolls of immolation {unknown}
 P - a scroll of identify
Potions
 d - a potion of might
 g - 6 potions of curing
 j - a potion of magic {unknown}
 m - 3 potions of invisibility
 n - 2 potions of attraction {unknown}
 t - 3 potions of ambrosia
 x - 2 potions of heal wounds
 F - a potion of brilliance
 H - 3 potions of haste
 O - a potion of flight {unknown}


   Skills:
 + Level 9.4 Fighting
 + Level 2.4 Short Blades
 + Level 3.7(9.2) Maces & Flails
 + Level 4.6(9.6) Polearms
 + Level 12.9(13.5) Staves
 + Level 7.6 Throwing
 + Level 11.3 Armour
 * Level 9.9 Dodging
 + Level 4.5 Shields


You had 11 spell levels left.
You didn't know any spells.
Your spell library contained the following spells:

 Spells                   Type           Power      Damage    Failure   Level
 Blink                    Tloc           0%         N/A       100%        2
 Sublimation of Blood     Necr           0%         N/A       100%        2
 Wereblood                Tmut           0%         N/A       100%        2
 Ignite Poison            Fire/Tmut/Pois 0%         N/A       100%        3
 Lesser Beckoning         Tloc           0%         N/A       100%        3
 Mephitic Cloud           Conj/Pois/Air  0%         N/A       100%        3
 Petrify                  Tmut/Erth      0%         N/A       100%        4
 Freezing Cloud           Conj/Ice/Air   0%         6-21      100%        5
 Irradiate                Conj/Tmut      0%         3d11      100%        5
 Manifold Assault         Tloc           0%         N/A       100%        5
 Summon Hydra             Summ           0%         N/A       100%        7
 Chain Lightning          Conj/Air       0%         N/A       100%        9
 Fire Storm               Conj/Fire      0%         5d1       100%        9
 Shatter                  Erth           0%         3d5*      100%        9


Dungeon Overview and Level Annotations

Branches:
Dungeon (13/15)            Temple (0/1) D:7            Lair (0/5) D:11
    Orc (0/2) D:11          Sewer (visited)
 Vaults: D:13-14

Altars:
Dithmenos
Fedhas
Gozag
Qazlal
Ru
Vehumet
Wu Jian
The Shining One

Shops:
D:1 :   D:3 *   D:8 ?


Innate Abilities, Weirdness & Mutations

You have a pair of horns on your head.
You reflexively headbutt those who attack you in melee.


Message History

The centaur warrior misses your +5 quarterstaff "Paoqel" {spect, *Rage *Corrode rElec rPois}.
The two-headed ogre hits you with a +0 giant spiked club.
The two-headed ogre hits you but does no damage.
You swap places.
You spin and attack the two-headed ogre repeatedly.
You hit the two-headed ogre but do no damage.
You barely miss the two-headed ogre. You headbutt the two-headed ogre!
The two-headed ogre is lightly wounded.
You spin and attack the centaur warrior repeatedly.
You sock the centaur warrior!
The centaur warrior is almost dead.
You hit the centaur warrior.
You kill the centaur warrior!
The Council accepts your kill.
Your +5 quarterstaff "Paoqel" {spect, *Rage *Corrode rElec rPois} hits the two-headed ogre!
The centaur warrior misses you. You furiously retaliate!
You headbutt the centaur warrior, but do no damage.
The centaur warrior kicks you but does no damage.
The two-headed ogre hits you with a +0 giant spiked club!!
The two-headed ogre hits you with a +0 giant club!
* * * LOW HITPOINT WARNING * * *
Your corrosive artefact corrodes you!
You swap places.
You spin and attack the centaur warrior repeatedly.
You completely miss the centaur warrior.
You barely miss the centaur warrior.
You spin and attack the two-headed ogre repeatedly.
You hit the two-headed ogre but do no damage.
The two-headed ogre is heavily wounded.
You hit the two-headed ogre.
The two-headed ogre is heavily wounded.
Your +5 quarterstaff "Paoqel" {spect, *Rage *Corrode rElec rPois} barely misses the centaur warrior.
The centaur warrior hits you!
* * * LOW HITPOINT WARNING * * *
The centaur warrior kicks you but does no damage.
The centaur warrior hits you but does no damage.
The centaur warrior kicks you but does no damage.
The two-headed ogre closely misses you.
The two-headed ogre hits you with a +0 giant club!!
You die...

##..#+ . ....
... .... ####+
#..####### #....
#..'..[..#
#.....#..'.....#
#.....#Oc#.....#
#....D#(@#.....#
#....u#..#....$#
##### #..#######
#..##.# #..##.#
#.....##
#####..#
###+#####
###'######
≈......<###
#........#


You could see a six-headed hydra, a red ugly thing, a centaur warrior, a
two-headed ogre and a friendly +5 quarterstaff "Paoqel" {spect, *Rage *Corrode
rElec rPois} (summoned).

Vanquished Creatures
  Nessos (D:12)
  Snorg (D:12)
  Erolcha (D:12)
  4 two-headed ogres
  A centaur warrior (D:13)
  Lodul (D:12)
  An ugly thing (D:11)
  2 manticores
  2 cyclopes
  A gargoyle (D:11)
  Psyche (D:12)
  An unseen horror (D:11)
  2 komodo dragons (D:11)
  6 trolls
  Prince Ribbit (D:7)
  4 slime creatures (D:12)
  The ghost of predelnik the Ducker, a novice FeCj (D:6)
  A jumping spider (shapeshifter) (D:13)
  3 wyverns
  7 yaks
  A wraith (D:12)
  A basilisk (D:12)
  An acid dragon (D:11)
  A water moccasin (Sewer)
  Duvessa (D:4)
  4 ice beasts
  3 sky beasts
  6 orc warriors
  4 black bears
  9 ogres
  3 centaurs
  5 kobold brigands
  3 necrophages
  6 bullfrogs
  4 scorpions
  Dowan (D:4)
  7 killer bees
  9 howler monkeys
  5 hounds
  A jelly (D:7)
  7 orc priests
  2 gnoll boudas
  2 iguanas (D:5)
  8 orc wizards
  3 adders
  10 gnolls
  2 shadow imps
  A white imp (D:7)
  2 worms (D:2)
  A dart slug (D:5)
  63 orcs
  7 ball pythons
  7 endoplasms
  3 giant cockroaches
  11 goblins
  6 hobgoblins
  5 jackals
  4 quokkas
  3 bats
  2 frilled lizards
  23 kobolds
  7 rats
296 creatures vanquished.

Vanquished Creatures (others)
  4 fungi (D:11)
  4 plants (D:11)
8 creatures vanquished.

Grand Total: 304 creatures vanquished

Notes
Turn   | Place    | Note
-------+----------+-------------------------------------------
     0 | D:1      | Linkola the Minotaur Fighter began the quest for the Orb.
     0 | D:1      | Reached XP level 1. HP: 19/19 MP: 0/0
   313 | D:1      | Reached XP level 2. HP: 27/27 MP: 1/1
   694 | D:1      | Found Enomow's Book Emporium.
  1282 | D:2      | Reached XP level 3. HP: 33/33 MP: 2/2
  1492 | D:2      | Reached skill level 1 in Throwing
  1771 | D:3      | Found a blossoming altar of Fedhas.
  1797 | D:3      | Noticed a necrophage
  1810 | D:3      | Killed a necrophage
  1811 | D:3      | Reached skill level 1 in Dodging
  1811 | D:3      | Reached XP level 4. HP: 37/40 MP: 3/3
  1897 | D:3      | Found Papilioc's General Store.
  1903 | D:3      | Bought 5 boomerangs for 35 gold pieces
  1980 | D:3      | Reached XP level 5. HP: 39/46 MP: 4/4
  2577 | D:3      | Got the Cyclopedia of the Rocks and the Impact
  2911 | D:4      | Found a radiant altar of Vehumet.
  2991 | D:4      | Reached skill level 1 in Maces & Flails
  2991 | D:4      | Reached XP level 6. HP: 17/53 MP: 5/5
  3566 | D:4      | Noticed Dowan
  3567 | D:4      | Noticed Duvessa
  3584 | D:4      | Killed Duvessa
  3585 | D:4      | Reached skill level 5 in Armour
  3587 | D:4      | Killed Dowan
  3815 | D:5      | Entered Level 5 of the Dungeon
  3865 | D:5      | Identified the +5 short sword of Yfessu {vorpal, Str+5}
  3970 | D:5      | Reached XP level 7. HP: 60/60 MP: 6/6
  4253 | D:5      | Reached skill level 1 in Short Blades
  4412 | D:5      | Found a glowing drain.
  4423 | Sewer    | Entered a sewer
  4487 | Sewer    | Reached skill level 5 in Fighting
  4496 | Sewer    | Identified the +5 quarterstaff "Paoqel" {spect, *Rage
                  | *Corrode rElec rPois}
  4714 | D:5      | Reached XP level 8. HP: 66/68 MP: 7/7
  4822 | D:5      | Reached skill level 1 in Staves
  5337 | D:6      | Noticed predelnik's ghost (novice FeCj)
  5396 | D:6      | Reached skill level 2 in Staves
  5637 | D:6      | Reached skill level 3 in Staves
  5711 | D:6      | Found an ornate altar of the Wu Jian Council.
  5718 | D:6      | Noticed a spectral centipede
  5718 | D:6      | Noticed a spectral black mamba
  5719 | D:6      | Became a worshipper of the Wu Jian Council
  5841 | D:6      | Reached skill level 4 in Staves
  5844 | D:6      | Reached skill level 5 in Dodging
  5872 | D:6      | Found a runed translucent gate.
  5875 | D:6      | Found a runed translucent gate.
  5876 | D:6      | Found a runed translucent gate.
  6342 | D:6      | Reached XP level 9. HP: 75/75 MP: 8/8
  6342 | D:6      | Killed predelnik's ghost
  6343 | D:6      | Reached skill level 5 in Staves
  6399 | D:7      | Noticed a two-headed ogre
  6406 | D:7      | Killed a two-headed ogre
  6407 | D:7      | Reached skill level 6 in Staves
  6414 | D:7      | Reached skill level 7 in Staves
  6774 | D:7      | Found a stormy altar of Qazlal.
  6779 | D:7      | Found a glowing golden altar of the Shining One.
  6780 | D:7      | Found an opulent altar of Gozag.
  6858 | D:7      | Noticed Prince Ribbit
  6861 | D:7      | Reached skill level 8 in Staves
  6863 | D:7      | Killed Prince Ribbit
  6913 | D:7      | Reached * piety under Wu Jian
  7018 | D:7      | Found a staircase to the Ecumenical Temple.
  7243 | D:8      | Reached XP level 10. HP: 84/84 MP: 9/9
  7446 | D:8      | Found Wunul's Magic Scroll Boutique.
  7725 | D:8      | Found a flagged portal.
  7873 | D:8      | Reached skill level 9 in Staves
  8286 | D:9      | Reached skill level 5 in Throwing
  8300 | D:9      | Reached ** piety under Wu Jian
  8922 | D:10     | Entered Level 10 of the Dungeon
  9235 | D:10     | Reached skill level 10 in Staves
  9376 | D:10     | Found a sacrificial altar of Ru.
  9429 | D:10     | Noticed a two-headed ogre
  9433 | D:10     | Killed a two-headed ogre
  9436 | D:10     | Found a shadowy altar of Dithmenos.
  9450 | D:10     | Noticed a cyclops
  9454 | D:10     | Killed a cyclops
  9455 | D:10     | Reached XP level 11. HP: 73/92 MP: 10/10
  9725 | D:11     | Found a staircase to the Lair.
  9954 | D:11     | Noticed a white ugly thing
  9967 | D:11     | Killed a white ugly thing
  9968 | D:11     | Reached skill level 10 in Armour
  9983 | D:11     | Noticed a two-headed ogre
  9990 | D:11     | Killed a two-headed ogre
 10264 | D:11     | Reached skill level 11 in Staves
 11041 | D:11     | Found a staircase to the Orcish Mines.
 11043 | D:11     | Reached *** piety under Wu Jian
 11411 | D:12     | Noticed a two-headed ogre
 11418 | D:12     | Killed a two-headed ogre
 11436 | D:12     | Noticed Snorg
 11443 | D:12     | Killed Snorg
 11559 | D:12     | Noticed Lodul
 11570 | D:12     | Killed Lodul
 11571 | D:12     | Reached skill level 12 in Staves
 11944 | D:12     | Reached XP level 12. HP: 104/104 MP: 11/11
 12135 | D:12     | Noticed Erolcha
 12146 | D:12     | Reached **** piety under Wu Jian
 12155 | D:12     | Killed Erolcha
 12343 | D:12     | Noticed Nessos
 12350 | D:12     | Killed Nessos
 12415 | D:12     | Noticed Psyche
 12422 | D:12     | Killed Psyche
 12836 | D:13     | Noticed a six-headed hydra
 12845 | D:13     | Noticed a centaur warrior
 12845 | D:13     | Noticed a centaur warrior
 12847 | D:13     | Noticed a two-headed ogre
 12854 | D:13     | Killed a centaur warrior
 12855 | D:13     | Slain by a two-headed ogre

Illustrated notes

Levels and vault maps discovered:
D:1:      dpeg_arrival_houses_and_road, layout_basic, serial_shops, shop
D:2:      layout_loops_corners, glass_columns_b
D:3:      layout_basic, fedhas_altar_1, serial_shops, shop_statue,
          hangedman_abyss_or_decor_stabs
D:4:      layout_cave_pools, nicolae_vehumet_radiance, uniq_duvessa
D:5:      layout_loops_ring, gup_sewer_entry_bubbles, grunt_decor_clamped,
          kennysheep_small_spiral, reono_crystal_passage
D:6:      layout_basic, pdpol_wu_jian_five_deadly_venoms, gammafunk_ghost_split,
          lemuel_flamethrower_2
D:7:      layout_cave_pools, minitemple, minmay_temple_entry_glassed_door,
          uniq_prince_ribbit1
D:8:      layout_basic, enter_bailey_5, serial_shops, kennysheep_little_box
D:9:      layout_rooms, minmay_liquid_box, small_statue_intersection,
          minmay_door_square
D:10:     layout_loops_ring, nicolae_ru_awakened_eye,
          mainiacjoe_overflow_chevrons
D:11:     layout_layer_cave, grunt_lair_entry_orc_guard_hut, hiddenorc2_lemuel,
          moated_statue
D:12:     layout_long_grid, uniq_erolcha, uniq_lodul, uniq_nessos, uniq_snorg,
          uniq_psyche
D:13:     layout_roguey, skrybe_vaults_entry_preservation, serial_shops, shop,
          kennysheep_opposing_triangles, uniq_josephine, uniq_sonja, uniq_urug

Skill      XL: |  1  2  3  4  5  6  7  8  9 10 11 12 |
---------------+-------------------------------------+-----
Armour         | 4 5 7 8 9 10 11 | 11.3
Throwing       | 1 2 3 4 6 7 |  7.6
Fighting       | 4 5 6 7 9 |  9.4
Polearms       | 3 4 |  4.6
Dodging        | 1 2 3 5 6 8 9 |  9.9
Shields        | 4 |  4.5
Maces & Flails | 1 2 3 |  3.7
Short Blades   | 1 2 |  2.4
Staves         | 4 8 10 12 | 12.9

Action                   |  1- 3 |  4- 6 |  7- 9 | 10-12 || total
-------------------------+-------+-------+-------+-------++-------
Melee: Trident           |    96 |    33 |       |       ||   129
       Headbutt          |     9 |    15 |    21 |    64 ||   109
       Flail             |       |    98 |       |       ||    98
       Short sword       |       |     2 |    24 |       ||    26
       Halberd           |       |       |    26 |       ||    26
       Quarterstaff      |       |       |   100 |   310 ||   410
Throw: Stone             |    31 |     1 |    18 |       ||    50
       Boomerang         |       |    51 |     7 |    91 ||   149
       Dart              |       |       |     3 |       ||     3
Invok: Lunge             |       |       |    11 |    35 ||    46
       Whirlwind         |       |       |     3 |    31 ||    34
  Use: Scroll            |     7 |     3 |     1 |     3 ||    14
 Stab: Distracted        |       |       |       |     2 ||     2
Armor: Scale mail        |    23 |       |       |       ||    23
       Plate armour      |    18 |   160 |    70 |   131 ||   379
Dodge: Dodged            |    23 |    54 |    59 |    77 ||   213
Block: Buckler           |    15 |    27 |    11 |       ||    53
